TOP OF THE 1ST |
Gainesville Guidos batting - Pitching for Key West Barracudas : RHP Wilson Flores
|
Pitching: RHP Wilson Flores
|
|
Batting: RHB Adrian Prouse
|
0-0: Called Strike 0-1: Swinging Strike 0-2: Strikes out swinging
|
Batting: RHB Juan Carlos Alfonzo
|
0-0: Bunt missed! 0-1: Ball 1-1: SINGLE (Line Drive, 78M)
|
Batting: LHB Sergio Barrón
|
0-0: Ball Juan Carlos Alfonzo steals 2nd base 1-0: Ball 2-0: SINGLE (Flyball, 7S) Juan Carlos Alfonzo to third
|
Batting: RHB Victor Andrews
|
0-0: Ball 1-0: Ball 2-0: Foul Ball, location: 2F 2-1: Called Strike 2-2: Foul Ball, location: 2F 2-2: Fly out, F7 (Line Drive, 78M) Runner from 3rd tags up, SCORES, no throw
|
Batting: RHB Noriyori Ine
|
0-0: Called Strike 0-1: Ball 1-1: Called Strike 1-2: Ground out 6-3 (Groundball, 6)
|
Top of the 1st over - 1 run(s), 2 hit(s), 0 error(s), 1 left on base; Gainesville 1 - Key West 0 |
BOTTOM OF THE 1ST |
Key West Barracudas batting - Pitching for Gainesville Guidos : RHP Marlon Ryan
|
Pitching: RHP Marlon Ryan
|
|
Batting: SHB Rodney Birling
|
0-0: Ball 1-0: Fly out, F7 (Flyball, 7LS)
|
Batting: SHB Patrick Larson
|
0-0: Ball 1-0: Ground out 4-3 (Groundball, 4)
|
Batting: SHB Víctor Serrano
|
0-0: Foul Ball, location: 2F 0-1: Foul Ball, location: 2F 0-2: Strikes out looking
|
Bottom of the 1st over - 0 run(s), 0 hit(s), 0 error(s), 0 left on base; Gainesville 1 - Key West 0 |
TOP OF THE 2ND |
Gainesville Guidos batting - Pitching for Key West Barracudas : RHP Wilson Flores
|
Batting: LHB Ed Hart
|
0-0: Foul Ball, location: 2F 0-1: Ball 1-1: Ground out 1-3 (Groundball, 13S)
|
Batting: LHB Mark Owens
|
0-0: Ball 1-0: Foul Ball, location: 2F 1-1: Called Strike 1-2: SINGLE (Groundball, 34D)
|
Batting: SHB Reynaldo Gallegos
|
0-0: Foul Ball, location: 2F 0-1: Ball 1-1: Ball 2-1: Foul Ball, location: 2F 2-2: Foul Ball, location: 2F 2-2: Foul Ball, location: 2F 2-2: DOUBLE (Groundball, 3L) Mark Owens to third
|
Batting: RHB José Ortega
|
0-0: Swinging Strike 0-1: Ground out 6-3 (Groundball, 6M) Mark Owens scores Reynaldo Gallegos to third
|
Batting: RHB Adrian Prouse
|
0-0: Ball 1-0: Ball 2-0: Ground out 6-3 (Groundball, 6)
|
Top of the 2nd over - 1 run(s), 2 hit(s), 0 error(s), 1 left on base; Gainesville 2 - Key West 0 |
BOTTOM OF THE 2ND |
Key West Barracudas batting - Pitching for Gainesville Guidos : RHP Marlon Ryan
|
Batting: RHB Carlos Miranda
|
0-0: SINGLE (Groundball, 4MD)
|
Batting: RHB Dan Craft
|
0-0: Foul Ball, location: 2F 0-1: Ball Pickoff Throw to First - Out! 1-1: Foul Ball, location: 2F 1-2: Fly out, F8 (Flyball, 8RS)
|
Batting: LHB Jake Wells
|
0-0: Swinging Strike 0-1: Ball 1-1: Ball 2-1: Fly out, F8 (Flyball, 8LM)
|
Bottom of the 2nd over - 0 run(s), 1 hit(s), 0 error(s), 0 left on base; Gainesville 2 - Key West 0 |
TOP OF THE 3RD |
Gainesville Guidos batting - Pitching for Key West Barracudas : RHP Wilson Flores
|
Batting: RHB Juan Carlos Alfonzo
|
0-0: SINGLE (Line Drive, 4MD)
|
Batting: LHB Sergio Barrón
|
0-0: Ball 1-0: Foul Ball, location: 2F 1-1: Ball 2-1: Foul Ball, location: 2F 2-2: Ground out U3 (Groundball, 3S) Juan Carlos Alfonzo to second
|
Batting: RHB Victor Andrews
|
0-0: Ball 1-0: Ball 2-0: Fly out, F6 (Line Drive, 6M) 2-0: Lined into DP, U6 (Line Drive, 6M)
|
Top of the 3rd over - 0 run(s), 1 hit(s), 0 error(s), 0 left on base; Gainesville 2 - Key West 0 |
BOTTOM OF THE 3RD |
Key West Barracudas batting - Pitching for Gainesville Guidos : RHP Marlon Ryan
|
Batting: RHB Kenny Cole
|
0-0: Called Strike 0-1: Swinging Strike 0-2: Ball 1-2: Ground out U3 (Groundball, 3)
|
Batting: RHB Alfredo Pineda
|
0-0: SINGLE (Groundball, 13) (infield hit)
|
Batting: RHB Zander Tremblett
|
0-0: Grounds into double play, 5-4-3 (Groundball, 5)
|
Bottom of the 3rd over - 0 run(s), 1 hit(s), 0 error(s), 0 left on base; Gainesville 2 - Key West 0 |
TOP OF THE 4TH |
Gainesville Guidos batting - Pitching for Key West Barracudas : RHP Wilson Flores
|
Batting: RHB Noriyori Ine
|
0-0: Called Strike 0-1: Ground out 4-3 (Groundball, 4M)
|
Batting: LHB Ed Hart
|
0-0: Ball 1-0: Ground out 4-3 (Groundball, 34)
|
Batting: LHB Mark Owens
|
0-0: SINGLE (Groundball, 34D) (infield hit)
|
Batting: SHB Reynaldo Gallegos
|
0-0: Foul Ball, location: 2F 0-1: Called Strike 0-2: Foul Ball, location: 2F 0-2: Strikes out swinging
|
Top of the 4th over - 0 run(s), 1 hit(s), 0 error(s), 1 left on base; Gainesville 2 - Key West 0 |
BOTTOM OF THE 4TH |
Key West Barracudas batting - Pitching for Gainesville Guidos : RHP Marlon Ryan
|
Batting: SHB Rodney Birling
|
0-0: Called Strike 0-1: SINGLE (Groundball, 4MD)
|
Batting: SHB Patrick Larson
|
0-0: Called Strike 0-1: Ball 1-1: Ball 2-1: SINGLE (Line Drive, 78M) Rodney Birling to second
|
Batting: SHB Víctor Serrano
|
0-0: Called Strike 0-1: Foul Ball, location: 2F 0-2: Ball 1-2: Foul Ball, location: 2F 1-2: Grounds out, U3 (Groundball, 3L) Rodney Birling to third
|
Batting: RHB Carlos Miranda
|
0-0: Fly out, F9 (Flyball, 89S) Throwing error, E9 Rodney Birling scores Patrick Larson to third
|
Batting: RHB Dan Craft
|
0-0: SINGLE (Line Drive, 6D) Patrick Larson scores
|
Batting: LHB Jake Wells
|
0-0: Ball 1-0: Foul Ball, location: 2F 1-1: Ball 2-1: Ball 3-1: Fly out, F7 (Flyball, 7M)
|
Bottom of the 4th over - 2 run(s), 3 hit(s), 1 error(s), 1 left on base; Gainesville 2 - Key West 2 |
TOP OF THE 5TH |
Gainesville Guidos batting - Pitching for Key West Barracudas : RHP Wilson Flores
|
Batting: RHB José Ortega
|
0-0: Called Strike 0-1: Fly out, F8 (Flyball, 8LM)
|
Batting: RHB Adrian Prouse
|
0-0: Reached on error, E5 (Groundball, 5S)
|
Batting: RHB Juan Carlos Alfonzo
|
0-0: Ball 1-0: Grounds into double play, 6-4-3 (Groundball, 6)
|
Top of the 5th over - 0 run(s), 0 hit(s), 1 error(s), 0 left on base; Gainesville 2 - Key West 2 |
BOTTOM OF THE 5TH |
Key West Barracudas batting - Pitching for Gainesville Guidos : RHP Marlon Ryan
|
Batting: RHB Kenny Cole
|
0-0: DOUBLE (Flyball, 7LM)
|
Batting: RHB Alfredo Pineda
|
0-0: Foul Ball, location: 2F 0-1: Ball 1-1: SINGLE (Groundball, 4M) Kenny Cole to third
|
Batting: RHB Zander Tremblett
|
0-0: Ball 1-0: Foul Ball, location: 2F 1-1: Foul Ball, location: 2F 1-2: Fly out, F3 (Popup, 3F)
|
Batting: SHB Rodney Birling
|
0-0: Called Strike 0-1: Ball 1-1: Grounds into double play, 6-4-3 (Groundball, 6)
|
Bottom of the 5th over - 0 run(s), 2 hit(s), 0 error(s), 1 left on base; Gainesville 2 - Key West 2 |
TOP OF THE 6TH |
Gainesville Guidos batting - Pitching for Key West Barracudas : RHP Wilson Flores
|
Batting: LHB Sergio Barrón
|
0-0: Called Strike 0-1: TRIPLE (Line Drive, 5L)
|
Batting: RHB Victor Andrews
|
0-0: Ball 1-0: Ball 2-0: Called Strike 2-1: Swinging Strike 2-2: Ball 3-2: Foul Ball, location: 2F 3-2: Ground out 5-3 (Groundball, 5)
|
Batting: RHB Noriyori Ine
|
0-0: Swinging Strike 0-1: Swinging Strike 0-2: Ball 1-2: Strikes out swinging
|
Batting: LHB Ed Hart
|
0-0: Swinging Strike 0-1: Ball 1-1: Ball 2-1: SINGLE (Flyball, 7S) Sergio Barrón scores
|
Batting: LHB Mark Owens
|
0-0: Ball 1-0: Ground out 2-3 (Groundball, 2L)
|
Top of the 6th over - 1 run(s), 2 hit(s), 0 error(s), 1 left on base; Gainesville 3 - Key West 2 |
BOTTOM OF THE 6TH |
Key West Barracudas batting - Pitching for Gainesville Guidos : RHP Marlon Ryan
|
Batting: SHB Patrick Larson
|
0-0: Ball 1-0: Ball 2-0: Ball 3-0: Base on Balls
|
Batting: SHB Víctor Serrano
|
0-0: Ball 1-0: Foul Ball, location: 2F 1-1: Called Strike 1-2: Ball 2-2: Foul Ball, location: 2F 2-2: Ball 3-2: 2-RUN HOME RUN (Flyball, 78XD), Distance : 410 ft
|
Batting: RHB Carlos Miranda
|
0-0: Hit by Pitch
|
Batting: RHB Dan Craft
|
0-0: Swinging Strike 0-1: Ball 1-1: Ball 2-1: Ball 3-1: Base on Balls Carlos Miranda to second
|
Batting: LHB Jake Wells
|
0-0: Called Strike 0-1: Ball 1-1: SINGLE (Line Drive, 9S) Carlos Miranda to third Dan Craft to second Runner from 3rd tries for Home, SAFE, throw made home
|
Batting: RHB Kenny Cole
|
0-0: Ball 1-0: TRIPLE (Flyball, 8LS) Dan Craft scores Jake Wells scores
|
Batting: RHB Alfredo Pineda
|
0-0: Called Strike 0-1: Called Strike 0-2: Foul Ball, location: 2F 0-2: DOUBLE (Line Drive, 7LM) Kenny Cole scores
|
Pitching: LHP Pedro Flores
|
|
Batting: RHB Zander Tremblett
|
0-0: Called Strike 0-1: Fly out, F4 (Popup, 34)
|
Batting: SHB Rodney Birling
|
0-0: Ball 1-0: Called Strike 1-1: Ground out 6-3 (Groundball, 6) Alfredo Pineda to third
|
Batting: SHB Patrick Larson
|
0-0: Ball 1-0: Foul Ball, location: 2F 1-1: Swinging Strike 1-2: Strikes out swinging
|
Bottom of the 6th over - 6 run(s), 4 hit(s), 0 error(s), 1 left on base; Gainesville 3 - Key West 8 |
TOP OF THE 7TH |
Gainesville Guidos batting - Pitching for Key West Barracudas : RHP Wilson Flores
|
Batting: SHB Reynaldo Gallegos
|
0-0: Fly out, F4 (Popup, 4D)
|
Batting: RHB José Ortega
|
0-0: Ball 1-0: Ball 2-0: Called Strike 2-1: Fly out, F8 (Flyball, 8LD)
|
Batting: RHB Adrian Prouse
|
0-0: Ball 1-0: Called Strike 1-1: Foul Ball, location: 2F 1-2: Foul Ball, location: 2F 1-2: Foul Ball, location: 2F 1-2: Ball 2-2: Ball 3-2: Fly out, F3 (Popup, 3F)
|
Top of the 7th over - 0 run(s), 0 hit(s), 0 error(s), 0 left on base; Gainesville 3 - Key West 8 |
BOTTOM OF THE 7TH |
Key West Barracudas batting - Pitching for Gainesville Guidos : LHP Pedro Flores
|
Batting: SHB Víctor Serrano
|
0-0: SINGLE (Groundball, 56)
|
Batting: RHB Carlos Miranda
|
0-0: Ball 1-0: Swinging Strike 1-1: SINGLE (Flyball, 9LS) Víctor Serrano to second
|
Batting: RHB Dan Craft
|
0-0: Ball 1-0: Ground out U3 (Groundball, 3S) Víctor Serrano to third Carlos Miranda to second
|
Batting: LHB Jake Wells
|
0-0: Ground out 1-3 (Groundball, 25)
|
Batting: RHB Kenny Cole
|
0-0: Called Strike 0-1: Foul Ball, location: 2F 0-2: Foul Ball, location: 2F 0-2: Ball 1-2: Foul Ball, location: 2F 1-2: DOUBLE (Flyball, 8LD) Víctor Serrano scores Carlos Miranda scores
|
Batting: RHB Alfredo Pineda
|
0-0: Called Strike 0-1: Ball 1-1: SINGLE (Line Drive, 4MD) Kenny Cole to third Runner from 3rd tries for Home, SAFE, throw made home Alfredo Pineda to second
|
Batting: RHB Zander Tremblett
|
0-0: Fly out, F2 (Popup, 2RF)
|
Bottom of the 7th over - 3 run(s), 4 hit(s), 0 error(s), 1 left on base; Gainesville 3 - Key West 11 |
TOP OF THE 8TH |
Gainesville Guidos batting - Pitching for Key West Barracudas : RHP Wilson Flores
|
Batting: RHB Juan Carlos Alfonzo
|
0-0: Ball 1-0: Ball 2-0: Ground out 6-3 (Groundball, 6)
|
Pitching: RHP Tom Clement
|
|
Batting: LHB Sergio Barrón
|
0-0: Ball 1-0: Called Strike 1-1: SINGLE (Line Drive, 56)
|
Batting: RHB Victor Andrews
|
0-0: Ball Wild Pitch! Sergio Barrón to second 1-0: Ball 2-0: Foul Ball, location: 2F 2-1: Ball 3-1: Base on Balls
|
Batting: RHB Noriyori Ine
|
0-0: Swinging Strike 0-1: Ball 1-1: Foul Ball, location: 2F 1-2: Ball 2-2: Fielders Choice at 2nd, 3-6 (Groundball, 3) Sergio Barrón to third
|
Batting: LHB Ed Hart
|
0-0: Ball 1-0: SINGLE (Groundball, 34D) Sergio Barrón scores Noriyori Ine to second Runner from 2nd tries for 3rd, OUT!
|
Top of the 8th over - 1 run(s), 2 hit(s), 0 error(s), 1 left on base; Gainesville 4 - Key West 11 |
BOTTOM OF THE 8TH |
Key West Barracudas batting - Pitching for Gainesville Guidos : LHP Pedro Flores
|
Pitching: LHP Mike Scott
|
|
Batting: SHB Rodney Birling
|
0-0: Foul Ball, location: 2F 0-1: Foul Ball, location: 2F 0-2: SINGLE (Groundball, 56)
|
Batting: SHB Patrick Larson
|
0-0: Foul Ball, location: 2F 0-1: Called Strike 0-2: Ball 1-2: Reached on error, E5 (Groundball, 5) Rodney Birling to second
|
Batting: SHB Víctor Serrano
|
0-0: Called Strike 0-1: Swinging Strike 0-2: Ball 1-2: Strikes out looking
|
Batting: RHB Carlos Miranda
|
0-0: Called Strike 0-1: Ball 1-1: Swinging Strike 1-2: Ball 2-2: Strikes out looking
|
Batting: RHB Dan Craft
|
0-0: Ball 1-0: Ground out 6-3 (Groundball, 56)
|
Bottom of the 8th over - 0 run(s), 1 hit(s), 1 error(s), 2 left on base; Gainesville 4 - Key West 11 |
TOP OF THE 9TH |
Gainesville Guidos batting - Pitching for Key West Barracudas : RHP Tom Clement
|
Batting: LHB Mark Owens
|
0-0: Ball 1-0: Ball 2-0: Called Strike 2-1: Ball 3-1: Base on Balls
|
Batting: SHB Reynaldo Gallegos
|
0-0: Called Strike 0-1: Swinging Strike 0-2: Ball 1-2: Ball 2-2: SINGLE (Groundball, 4) Mark Owens to second Runner from 2nd tries for 3rd, SAFE, throw made to third Reynaldo Gallegos to second
|
Batting: RHB José Ortega
|
0-0: Ball 1-0: Called Strike 1-1: Swinging Strike 1-2: Ground out 6-3 (Groundball, 6) Mark Owens scores Reynaldo Gallegos to third
|
Batting: RHB Adrian Prouse
|
0-0: Ball 1-0: Ball 2-0: Called Strike 2-1: Foul Ball, location: 2F 2-2: Ball 3-2: Base on Balls
|
Pitching: RHP José García
|
|
Batting: RHB Juan Carlos Alfonzo
|
0-0: Ball 1-0: Ball 2-0: Called Strike 2-1: Swinging Strike 2-2: SINGLE (Line Drive, 6D) Reynaldo Gallegos scores Adrian Prouse to second
|
Batting: LHB Sergio Barrón
|
0-0: Ball 1-0: Ball 2-0: Called Strike 2-1: Foul Ball, location: 2F 2-2: Strikes out swinging
|
Batting: RHB Victor Andrews
|
0-0: Ball 1-0: SINGLE (Line Drive, 9S) Adrian Prouse to third Juan Carlos Alfonzo to second Runner from 3rd tries for Home, SAFE, no throw or cutoff
|
Pitching: RHP Charlie Alexander
|
|
Batting: RHB Noriyori Ine
|
0-0: Called Strike 0-1: Ball 1-1: Ball 2-1: Ball 3-1: Swinging Strike 3-2: SINGLE (Groundball, 4M) Juan Carlos Alfonzo to third Victor Andrews to second Juan Carlos Alfonzo scores Victor Andrews to third
|
Batting: LHB Ed Hart
|
0-0: Ball 1-0: Called Strike 1-1: Foul Ball, location: 2F 1-2: Strikes out looking
|
Top of the 9th over - 4 run(s), 4 hit(s), 0 error(s), 2 left on base; Gainesville 8 - Key West 11 |
|